WIN
NEW YORK (WIN) METS @ LOS ANGELES (WIN) DODGERS
12/06/2047
 
TOP OF THE 1ST
New York (WIN) Mets batting - Pitching for Los Angeles (WIN) Dodgers : RHP Will Lane
Pitching: RHP Will Lane
Batting: RHB Finn Ross 0-0: Foul Ball, location: 2F
0-1: Ball
1-1: Ball
2-1: Ball
3-1: Base on Balls
Batting: SHB Masatoshi Akahoshi 0-0: Ball
1-0: Called Strike
Finn Ross steals 2nd base
1-1: Ball
2-1: Ball
3-1: Ground out 6-3 (Groundball, 6, EV 82.5 MPH)
Finn Ross to third
Batting: RHB Josh Jones 0-0: Called Strike
0-1: Foul Ball, location: 2F
0-2: SINGLE (Groundball, 34D, EV 109.4 MPH)
Finn Ross scores
Batting: LHB Bill Armijo 0-0: Called Strike
0-1: Swinging Strike
0-2: Strikes out swinging
Batting: SHB Nelson Powell 0-0: Swinging Strike
0-1: Called Strike
Josh Jones steals 2nd base
0-2: Strikes out looking
Top of the 1st over - 1 run, 1 hit, 0 errors, 1 left on base; New York (WIN) 1 - Los Angeles (WIN) 0
BOTTOM OF THE 1ST
Los Angeles (WIN) Dodgers batting - Pitching for New York (WIN) Mets : RHP Andy Reinhardt
Pitching: RHP Andy Reinhardt
Batting: RHB Marcos Villalobos 0-0: Foul Ball, location: 2F
0-1: Swinging Strike
0-2: Ball
1-2: Foul Ball, location: 2F
1-2: Ball
2-2: Foul Ball, location: 2F
2-2: Strikes out swinging
Batting: SHB Nate Kopchak 0-0: Foul Ball, location: 2F
0-1: Ball
1-1: Foul Ball, location: 2F
1-2: Ball
2-2: Strikes out swinging
Batting: LHB Stephen Van Raalte 0-0: Foul Ball, location: 2F
0-1: Called Strike
0-2: Strikes out looking
Bottom of the 1st over - 0 runs, 0 hits, 0 errors, 0 left on base; New York (WIN) 1 - Los Angeles (WIN) 0
TOP OF THE 2ND
New York (WIN) Mets batting - Pitching for Los Angeles (WIN) Dodgers : RHP Will Lane
Batting: SHB Jason Larson 0-0: Fly out, F8 (Flyball, 8LM, EV 91.9 MPH)
Batting: RHB Andy Carrell 0-0: Fly out, F9 (Line Drive, 9, EV 88.8 MPH)
Batting: LHB Jamel Alexander 0-0: Called Strike
0-1: Ball
1-1: Ball
2-1: Foul Ball, location: 2F
2-2: Ball
3-2: Foul Ball, location: 2F
3-2: Base on Balls
Batting: RHB Koen van Oort 0-0: Fielders Choice at 2nd, 5-4 (Groundball, 56, EV 90.0 MPH)
Top of the 2nd over - 0 runs, 0 hits, 0 errors, 1 left on base; New York (WIN) 1 - Los Angeles (WIN) 0
BOTTOM OF THE 2ND
Los Angeles (WIN) Dodgers batting - Pitching for New York (WIN) Mets : RHP Andy Reinhardt
Batting: RHB John Piccolo 0-0: Called Strike
0-1: Swinging Strike
0-2: Strikes out looking
Batting: LHB Tore Bosch 0-0: Foul Ball, location: 2F
0-1: Foul Ball, location: 2F
0-2: Ball
1-2: Strikes out swinging
Batting: RHB Josh Crenwelge 0-0: Ball
1-0: Ball
2-0: Ball
3-0: Hit by Pitch
Batting: RHB Ruben Serrata Pickoff Throw to First - Out! 1-3
Bottom of the 2nd over - 0 runs, 0 hits, 0 errors, 0 left on base; New York (WIN) 1 - Los Angeles (WIN) 0
TOP OF THE 3RD
New York (WIN) Mets batting - Pitching for Los Angeles (WIN) Dodgers : RHP Will Lane
Batting: RHB Finn Ross 0-0: Called Strike
0-1: SINGLE (Groundball, 23, EV 66.9 MPH) (infield hit)
Batting: SHB Masatoshi Akahoshi 0-0: Ball
1-0: Foul Ball, location: 2F
1-1: Swinging Strike
1-2: Ball
Passed Ball!
Finn Ross to second
2-2: Ball
3-2: Strikes out swinging
Batting: RHB Josh Jones 0-0: Called Strike
0-1: Ball
1-1: Ball
2-1: Ball
3-1: Foul Ball, location: 2F
3-2: Foul Ball, location: 2F
3-2: Base on Balls
Batting: LHB Bill Armijo 0-0: Swinging Strike
0-1: Ball
1-1: 3-RUN HOME RUN (Flyball, 9LD, EV 94.4 MPH), Distance : 347 ft
Batting: SHB Nelson Powell 0-0: Called Strike
0-1: Swinging Strike
0-2: Strikes out swinging
Batting: SHB Jason Larson 0-0: Called Strike
0-1: Ball
1-1: Foul Ball, location: 2F
1-2: DOUBLE (Line Drive, 9LD, EV 108.1 MPH)
Batting: RHB Andy Carrell 0-0: Called Strike
0-1: Foul Ball, location: 2F
0-2: Foul Ball, location: 2F
0-2: Strikes out looking
Top of the 3rd over - 3 runs, 3 hits, 0 errors, 1 left on base; New York (WIN) 4 - Los Angeles (WIN) 0
BOTTOM OF THE 3RD
Los Angeles (WIN) Dodgers batting - Pitching for New York (WIN) Mets : RHP Andy Reinhardt
Batting: RHB Ruben Serrata 0-0: Called Strike
0-1: Called Strike
0-2: Ground out 5-3 (Groundball, 56S, EV 79.4 MPH)
Batting: RHB Javier Solis 0-0: Ball
1-0: Fly out, F9 (Flyball, 9, EV 89.4 MPH)
Batting: RHB Adam Maczko 0-0: Ball
1-0: Foul Ball, location: 2F
1-1: Fly out, F9 (Flyball, 89M, EV 87.5 MPH)
Bottom of the 3rd over - 0 runs, 0 hits, 0 errors, 0 left on base; New York (WIN) 4 - Los Angeles (WIN) 0
TOP OF THE 4TH
New York (WIN) Mets batting - Pitching for Los Angeles (WIN) Dodgers : RHP Will Lane
Batting: LHB Jamel Alexander 0-0: Swinging Strike
0-1: Ball
1-1: Called Strike
1-2: Ground out 4-3 (Groundball, 34, EV 89.4 MPH)
Batting: RHB Koen van Oort 0-0: Foul Ball, location: 2F
0-1: Called Strike
0-2: Strikes out swinging
Batting: RHB Finn Ross 0-0: Ball
1-0: Foul Ball, location: 2F
1-1: Foul Ball, location: 2F
1-2: Ball
2-2: Foul Ball, location: 2F
2-2: Ground out U3 (Groundball, 3S, EV 78.8 MPH)
Top of the 4th over - 0 runs, 0 hits, 0 errors, 0 left on base; New York (WIN) 4 - Los Angeles (WIN) 0
BOTTOM OF THE 4TH
Los Angeles (WIN) Dodgers batting - Pitching for New York (WIN) Mets : RHP Andy Reinhardt
Batting: RHB Marcos Villalobos 0-0: Ball
1-0: SINGLE (Line Drive, 89M, EV 99.4 MPH)
Batting: SHB Nate Kopchak 0-0: Called Strike
Marcos Villalobos steals 2nd base
0-1: 2-RUN HOME RUN (Flyball, 9LD, EV 97.5 MPH), Distance : 353 ft
Batting: LHB Stephen Van Raalte 0-0: Called Strike
0-1: Fly out, F7 (Flyball, 78M, EV 93.8 MPH)
Batting: RHB John Piccolo 0-0: Ball
1-0: Ball
2-0: Ground out 6-3 (Groundball, 6, EV 76.2 MPH)
Batting: LHB Tore Bosch 0-0: Called Strike
0-1: SINGLE (Line Drive, 4MD, EV 99.4 MPH)
Batting: RHB Josh Crenwelge 0-0: Ball
1-0: Called Strike
1-1: Fly out, F8 (Flyball, 8LD, EV 100.6 MPH)
Bottom of the 4th over - 2 runs, 3 hits, 0 errors, 1 left on base; New York (WIN) 4 - Los Angeles (WIN) 2
TOP OF THE 5TH
New York (WIN) Mets batting - Pitching for Los Angeles (WIN) Dodgers : RHP Will Lane
Batting: SHB Masatoshi Akahoshi 0-0: Ball
1-0: Ground out 4-3 (Groundball, 4, EV 82.5 MPH)
Batting: RHB Josh Jones 0-0: Ball
1-0: SINGLE (Line Drive, 34, EV 102.5 MPH)
Batting: LHB Bill Armijo 0-0: SINGLE (Flyball, 3D, EV 100.6 MPH)
Josh Jones to second
Runner from 2nd tries for 3rd, SAFE, throw by RF made to third
Batting: SHB Nelson Powell 0-0: Called Strike
0-1: Foul Ball, location: 2F
0-2: Foul Ball, location: 2F
0-2: Grounds into double play, 6-4-3 (Groundball, 6, EV 84.4 MPH)
Top of the 5th over - 0 runs, 2 hits, 0 errors, 1 left on base; New York (WIN) 4 - Los Angeles (WIN) 2
BOTTOM OF THE 5TH
Los Angeles (WIN) Dodgers batting - Pitching for New York (WIN) Mets : RHP Andy Reinhardt
Batting: RHB Ruben Serrata 0-0: Called Strike
0-1: Ball
1-1: Swinging Strike
1-2: Strikes out swinging
Batting: RHB Javier Solis 0-0: Ball
1-0: Ball
2-0: Called Strike
2-1: Fly out, F7 (Flyball, 7, EV 90.6 MPH)
Batting: RHB Adam Maczko 0-0: Ball
1-0: Ball
2-0: Called Strike
2-1: Called Strike
2-2: Strikes out swinging
Bottom of the 5th over - 0 runs, 0 hits, 0 errors, 0 left on base; New York (WIN) 4 - Los Angeles (WIN) 2
TOP OF THE 6TH
New York (WIN) Mets batting - Pitching for Los Angeles (WIN) Dodgers : RHP Will Lane
Batting: SHB Jason Larson 0-0: Ball
1-0: SOLO HOME RUN (Flyball, 89XD, EV 97.5 MPH), Distance : 387 ft
Batting: RHB Andy Carrell 0-0: Foul Ball, location: 2F
0-1: Swinging Strike
0-2: Foul Ball, location: 2F
0-2: Fly out, F8 (Flyball, 8RS, EV 88.8 MPH)
Batting: LHB Jamel Alexander 0-0: Ball
1-0: Called Strike
1-1: Ball
2-1: DOUBLE (Flyball, 8RXD, EV 112.5 MPH)
Batting: RHB Koen van Oort 0-0: Called Strike
0-1: Ball
1-1: Swinging Strike
1-2: Strikes out swinging
Batting: RHB Finn Ross 0-0: Ball
1-0: SINGLE (Groundball, 6M, EV 109.4 MPH) (infield hit)
Jamel Alexander to third
Batting: SHB Masatoshi Akahoshi 0-0: Ball
1-0: Fly out, F8 (Flyball, 8LD, EV 96.9 MPH)
Top of the 6th over - 1 run, 3 hits, 0 errors, 2 left on base; New York (WIN) 5 - Los Angeles (WIN) 2
BOTTOM OF THE 6TH
Los Angeles (WIN) Dodgers batting - Pitching for New York (WIN) Mets : RHP Andy Reinhardt
Batting: RHB Marcos Villalobos 0-0: Ball
1-0: Ball
2-0: Ball
3-0: Called Strike
3-1: Fly out, F9 (Flyball, 9LS, EV 87.5 MPH)
Batting: SHB Nate Kopchak 0-0: Ball
1-0: Ball
2-0: Foul Ball, location: 2F
2-1: Ball
3-1: Swinging Strike
3-2: Foul Ball, location: 2F
3-2: Foul Ball, location: 2F
3-2: Strikes out swinging, 2-3 out at first.
Batting: LHB Stephen Van Raalte 0-0: Called Strike
0-1: Swinging Strike
0-2: Strikes out swinging
Bottom of the 6th over - 0 runs, 0 hits, 0 errors, 0 left on base; New York (WIN) 5 - Los Angeles (WIN) 2
TOP OF THE 7TH
New York (WIN) Mets batting - Pitching for Los Angeles (WIN) Dodgers : RHP Will Lane
Pitching: RHP Bob Lattin
Batting: RHB Josh Jones 0-0: Swinging Strike
0-1: Foul Ball, location: 2F
0-2: Foul Ball, location: 2F
0-2: Ball
1-2: Fly out, F8 (Line Drive, 78D, EV 88.8 MPH)
Batting: LHB Bill Armijo 0-0: Ball
1-0: Ball
2-0: Ground out 4-3 (Groundball, 4, EV 77.5 MPH)
Batting: SHB Nelson Powell 0-0: Foul Ball, location: 2F
0-1: Ball
1-1: Called Strike
1-2: Strikes out swinging
Top of the 7th over - 0 runs, 0 hits, 0 errors, 0 left on base; New York (WIN) 5 - Los Angeles (WIN) 2
BOTTOM OF THE 7TH
Los Angeles (WIN) Dodgers batting - Pitching for New York (WIN) Mets : RHP Andy Reinhardt
Batting: RHB John Piccolo 0-0: Called Strike
0-1: Called Strike
0-2: Ball
1-2: Ball
2-2: Strikes out looking
Batting: LHB Tore Bosch 0-0: Called Strike
0-1: Ball
1-1: Foul Ball, location: 2F
1-2: Ball
2-2: Strikes out swinging, 2-3 out at first.
Batting: RHB Josh Crenwelge 0-0: Called Strike
0-1: Called Strike
0-2: Foul Ball, location: 2F
0-2: Ball
1-2: Ball
2-2: Ball
3-2: Ground out 6-3 (Groundball, 6, EV 97.5 MPH)
Bottom of the 7th over - 0 runs, 0 hits, 0 errors, 0 left on base; New York (WIN) 5 - Los Angeles (WIN) 2
TOP OF THE 8TH
New York (WIN) Mets batting - Pitching for Los Angeles (WIN) Dodgers : RHP Bob Lattin
Batting: SHB Jason Larson 0-0: Ball
1-0: Ball
2-0: Foul Ball, location: 2F
2-1: SINGLE (Groundball, 6, EV 98.8 MPH)
Batting: RHB Andy Carrell 0-0: Called Strike
Jason Larson steals 2nd base
0-1: Swinging Strike
0-2: SINGLE (Groundball, 56D, EV 93.8 MPH)
Jason Larson to third
Runner from 3rd tries for Home, SAFE, throw by LF to home
Batting: LHB Jamel Alexander 0-0: Bunt missed!
0-1: Sac Bunt to 5S - play at first, batter OUT! 5-3
Andy Carrell to second
Batting: RHB Koen van Oort 0-0: Called Strike
0-1: Called Strike
0-2: Foul Ball, location: 2F
0-2: Strikes out swinging
Batting: RHB Finn Ross 0-0: Called Strike
0-1: Fly out, F4 (Line Drive, 4M, EV 69.4 MPH)
Top of the 8th over - 1 run, 2 hits, 0 errors, 1 left on base; New York (WIN) 6 - Los Angeles (WIN) 2
BOTTOM OF THE 8TH
Los Angeles (WIN) Dodgers batting - Pitching for New York (WIN) Mets : RHP Andy Reinhardt
Pitching: RHP Alastair Henry
Batting: RHB Ruben Serrata 0-0: Ball
1-0: Ground out 6-3 (Groundball, 6, EV 101.2 MPH)
Batting: RHB Javier Solis 0-0: Ball
1-0: Called Strike
1-1: Called Strike
1-2: Foul Ball, location: 2F
1-2: Ball
2-2: Strikes out swinging
Batting: RHB Adam Maczko 0-0: Ball
1-0: SINGLE (Line Drive, 4MD, EV 107.5 MPH)
Batting: RHB Marcos Villalobos 0-0: Called Strike
0-1: Ball
1-1: Swinging Strike
1-2: Ball
2-2: Ball
3-2: Strikes out looking
Bottom of the 8th over - 0 runs, 1 hit, 0 errors, 1 left on base; New York (WIN) 6 - Los Angeles (WIN) 2
TOP OF THE 9TH
New York (WIN) Mets batting - Pitching for Los Angeles (WIN) Dodgers : RHP Bob Lattin
Batting: SHB Masatoshi Akahoshi 0-0: Ball
1-0: Ball
2-0: Ball
3-0: Base on Balls
Batting: RHB Josh Jones 0-0: Called Strike
0-1: Fly out, F8 (Line Drive, 8RM, EV 98.1 MPH)
Pitching: LHP William Lobo
Batting: LHB Bill Armijo 0-0: Ball
1-0: Called Strike
1-1: Fielders Choice at 2nd, 3-6 (Groundball, 3, EV 108.1 MPH)
Batting: SHB Nelson Powell 0-0: Ball
1-0: Called Strike
1-1: Ball
Bill Armijo is caught stealing 2nd base 2-4
Top of the 9th over - 0 runs, 0 hits, 0 errors, 0 left on base; New York (WIN) 6 - Los Angeles (WIN) 2
BOTTOM OF THE 9TH
Los Angeles (WIN) Dodgers batting - Pitching for New York (WIN) Mets : RHP Alastair Henry
Batting: SHB Nate Kopchak 0-0: Foul Ball, location: 2F
0-1: Ball
1-1: Called Strike
1-2: Ground out 5-3 (Groundball, 56, EV 108.1 MPH)
Batting: LHB Stephen Van Raalte 0-0: Swinging Strike
0-1: Called Strike
0-2: Strikes out looking
Batting: RHB John Piccolo 0-0: Called Strike
0-1: Foul Ball, location: 2F
0-2: Strikes out looking
Bottom of the 9th over - 0 runs, 0 hits, 0 errors, 0 left on base; New York (WIN) 6 - Los Angeles (WIN) 2
Thursday, December 15th , 2022 - OOTP Baseball 23.9 Build 102